 Dungeon Crawl Stone Soup version 0.31-a0-102-g33a4ccc0cb (webtiles) character file.

Game seed: 8672051962136406467

1490 Demosthentine the Trooper (level 8, -5/58 HPs)
             Began as a Demonspawn Gladiator on May 26, 2023.
             Was a Believer of Hepliaklqana.
             Slain by a human
             ... wielding a +3 war axe
              (9 damage)
             ... in a bailey.
             The game lasted 00:06:16 (5645 turns).

Demosthentine the Trooper (Demonspawn Gladiator)    Turns: 5645, Time: 00:06:16

Health: -5/58      AC:  6    Str: 17    XL:     8   Next: 51%
Magic:  8/8        EV: 14    Int:  9    God:    Hepliaklqana [**....]
Gold:   358        SH:  0    Dex: 15    Spells: 7/7 levels left

rFire   . . .        a - +0 trident
rCold   . . .        (no shield)
rNeg    . . .        b - +0 leather armour
rPois   .            (helmet restricted)
rElec   .            (no cloak)
rCorr   .            c - +1 pair of gloves
SInv    .            (no boots)
Will    .....        (no amulet)
Stlth   +            (no ring)
HPRegen 0.29/turn    (no ring)
MPRegen 0.11/turn

%: no passive effects
@: no status effects
A: reduced essence, antennae 2, rugged brown scales 1, demonic guardian 1
a: Renounce Religion, Recall Ancestor, Ancestor Identity


You were in a bailey.
You worshipped Hepliaklqana.
Hepliaklqana was pleased with you.
You visited 2 branches of the dungeon, and saw 8 of its levels.
You also visited: Sewer and Bailey.

You collected 358 gold pieces.

Inventory:

Hand Weapons
 a - a +0 trident (weapon)
Missiles
 e - a javelin (quivered)
 j - 5 poisoned darts
 l - 2 silver javelins
 z - 6 boomerangs
Armour
 b - a +0 leather armour (worn)
 c - a +1 pair of gloves (worn)
Jewellery
 r - an amulet of reflection
 u - a ring of protection from fire
 y - a ring of see invisible
Wands
 n - a wand of mindburst (18)
 t - a wand of acid (5)
 v - a wand of roots (10)
 x - a wand of charming (6)
Scrolls
 f - 2 scrolls of teleportation
 i - a scroll of immolation
 o - 9 scrolls of identify
 p - 2 scrolls of blinking
 q - 2 scrolls of fog
Potions
 g - a potion of ambrosia
 h - 2 potions of resistance
 k - a potion of haste
 m - a potion of might
 s - a potion of cancellation
 w - a potion of curing {unknown}


   Skills:
 + Level 5.6 Fighting
 + Level 5.5 Polearms
 - Level 1.7 Throwing
 + Level 4.6 Armour
 + Level 5.5 Dodging


You had 7 spell levels left.
You didn't know any spells.
Your spell library contained the following spells:

 Spells                   Type           Power      Damage    Failure   Level
 Sandblast                Erth           0%         2d4       43%         1
 Passwall                 Tmut/Erth      0%         N/A       58%         2
 Scorch                   Fire           0%         2d5       58%         2
 Stone Arrow              Conj/Erth      0%         3d7       82%         3
 Flame Wave               Conj/Fire      0%         2d4       99%         4
 Summon Cactus Giant      Summ           0%         N/A       100%        6


Dungeon Overview and Level Annotations

Branches:
Dungeon (7/15)             Temple (1/1) D:5           Sewer (visited)
 Bailey (1/1)

Altars:
Ashenzari
Cheibriados
Dithmenos
Fedhas
Gozag
Hepliaklqana
Kikubaaqudgha
Makhleb
Okawaru
Qazlal
Ru
Sif Muna
Trog
Uskayaw
Vehumet
Wu Jian
Xom
Yredelemnul


Innate Abilities, Weirdness & Mutations

Your life essence is reduced to manifest your ancestor. (-10% HP)
You have a pair of antennae on your head.
You are partially covered in rugged brown scales. (AC +1, +3% HP)
A weak demonic guardian rushes to your aid.


Message History

The human is heavily wounded.
The human struggles against the net.
You hit the human but do no damage.
The human is heavily wounded.
The human struggles against the net.
You hit the human.
The human is heavily wounded.
The human struggles against the net.
You hit the human but do no damage.
The human is heavily wounded.
The human struggles against the net.
You completely miss the human.
The human is heavily wounded.
The human struggles against the net.
The net rips apart, and the human comes free!
Your iron imp hits the human!
Unknown command.
You hit the human but do no damage.
The human is almost dead.
The human hits you with a +3 war axe.
* * * LOW HITPOINT WARNING * * *
The human hits your iron imp with a +3 war axe!
Your iron imp closely misses the human.
You closely miss the human.
The human is almost dead.
The human hits you with a +3 war axe.
* * * LOW HITPOINT WARNING * * *
The human hits your iron imp with a +3 war axe.
Your iron imp closely misses the human.
Unknown command.
You closely miss the human.
The human is almost dead.
The human completely misses you.
The human hits your iron imp with a +3 war axe!
Your iron imp dies!
Your iron imp disappears in a puff of smoke!
You barely miss the human.
The human is almost dead.
The human hits you with a +3 war axe!
You die...

### ..#
##..#
#...#
{#...#
#..(##
{#....#
#+#p#
##.@§##
#.....#
#.∩.∩.#
#.....#
##...##
#####


You could see a human.

Vanquished Creatures
  Menkaure (D:6)
  A water moccasin (D:6)
  An ice beast (D:6)
  An ogre (D:6)
  A scorpion (D:6)
  A jelly (D:6)
  3 sleepcaps
  3 iguanas
  2 orc wizards
  7 adders
  A river rat (D:4)
  A shadow imp (D:6)
  7 worms
  7 orcs
  9 endoplasms
  11 giant cockroaches
  6 goblins
  9 hobgoblins
  7 jackals (D:2)
  9 quokkas
  17 ball pythons
  5 bats
  5 frilled lizards
  5 kobolds
  6 rats
126 creatures vanquished.

Vanquished Creatures (collateral kills)
  A sky beast (D:6)
  A phantom (D:6)
  Blork the orc (D:6)
  2 bullfrogs (Sewer)
  A scorpion (D:5)
  A hound (D:5)
  An iguana (D:6)
  A sleepcap (D:6)
  A gnoll (Bailey)
  2 adders
  5 orcs
  4 endoplasms (Sewer)
  3 giant cockroaches (Sewer)
  2 goblins
  3 hobgoblins
  A kobold (D:4)
  4 quokkas (Sewer)
  4 frilled lizards (Sewer)
38 creatures vanquished.

Vanquished Creatures (others)
  2 hexers
2 creatures vanquished.

Grand Total: 166 creatures vanquished

Notes
Turn   | Place    | Note
-------+----------+-------------------------------------------
     0 | D:1      | Demosthentine the Demonspawn Gladiator began the quest for
                  | the Orb.
     0 | D:1      | Reached XP level 1. HP: 16/16 MP: 1/1
   252 | D:1      | Gained mutation: You are partially covered in rugged brown
                  | scales. (AC +1, +3% HP) [demonic ancestry]
   252 | D:1      | Reached XP level 2. HP: 8/22 MP: 2/2
   575 | D:2      | Reached skill level 1 in Armour
   649 | D:2      | Reached XP level 3. HP: 19/28 MP: 3/3
   926 | D:2      | Gained mutation: You have a pair of small antennae on your
                  | head. [demonic ancestry]
   926 | D:2      | Reached XP level 4. HP: 34/35 MP: 4/4
  1148 | D:2      | You fall into a shaft and drop 1 floor!
  1533 | D:3      | Found a snail-covered altar of Cheibriados.
  1540 | D:3      | Found a sacrificial altar of Ru.
  1547 | D:3      | Found an iron altar of Okawaru.
  1555 | D:3      | Found a hazy altar of Hepliaklqana.
  1568 | D:3      | Became a worshipper of Hepliaklqana the Forgotten
  1579 | D:3      | Found a radiant altar of Vehumet.
  2028 | D:3      | Identified the amulet "Icinwige" {Faith Int+6}
  2576 | D:4      | Gained mutation: A weak demonic guardian rushes to your
                  | aid. [demonic ancestry]
  2576 | D:4      | Reached XP level 5. HP: 42/42 MP: 5/5
  2732 | D:4      | Found a glowing drain.
  2736 | Sewer    | Entered a sewer
  2762 | Sewer    | Reached * piety under Hepliaklqana
  3017 | Sewer    | Reached XP level 6. HP: 27/43 MP: 6/6
  3475 | D:5      | Entered Level 5 of the Dungeon
  3512 | D:5      | Found a staircase to the Ecumenical Temple.
  3644 | Temple   | Entered the Ecumenical Temple
  4061 | D:5      | Reached XP level 7. HP: 27/50 MP: 7/7
  4483 | D:6      | Noticed Menkaure
  4491 | D:6      | Killed Menkaure
  4589 | D:6      | Reached ** piety under Hepliaklqana
  4594 | D:6      | Remembered your ancestor Inhapi as a hexer
  4657 | D:6      | Reached skill level 5 in Fighting
  4657 | D:6      | Reached skill level 5 in Polearms
  4657 | D:6      | Reached skill level 5 in Dodging
  4657 | D:6      | Gained mutation: You have a pair of antennae on your head.
                  | [demonic ancestry]
  4657 | D:6      | Reached XP level 8. HP: 55/57 MP: 8/8
  4789 | D:6      | Noticed Blork the orc
  4796 | D:6      | Killed Blork the orc
  5575 | D:7      | Found a flagged portal.
  5591 | Bailey   | Entered a bailey
  5645 | Bailey   | Slain by a human

Illustrated notes

Levels and vault maps discovered:
D:1:      pf_arrival_petrified_forest, layout_rooms
D:2:      layout_basic
D:3:      layout_basic, grunt_temple_overflow_octagram
D:4:      layout_basic, gup_sewer_entry_spiral
D:5:      old_forge, layout_basic, minmay_temple_entry_arrows,
          eino_small_chamber_without_monster
D:6:      layout_cave_pods, chequers_mini_garden, lemuel_flame_loot_1,
          uniq_blork_the_orc, uniq_menkaure
D:7:      layout_loops_corners, enter_bailey_4
Temple:   zaba_magenta_temple
Bailey:   bailey_axe_froggy_fort_hellmonk, bailey

Skill      XL: |  1  2  3  4  5  6  7 |
---------------+----------------------+-----
Polearms       | 3 4 5 |  5.5
Armour         | 1 2 3 4 |  4.6
Dodging        | 3 4 5 |  5.5
Fighting       | 3 4 5 |  5.6
Throwing       | |  1.7

Action                     |  1- 3 |  4- 6 |  7- 9 || total
---------------------------+-------+-------+-------++-------
  Melee: Trident           |   113 |   242 |   151 ||   506
         Punch             |       |     1 |     1 ||     2
  Throw: Throwing net      |     1 |     1 |     4 ||     6
 Invoke: Ancestor Life: He |       |       |     1 ||     1
    Use: Scroll            |     4 |     7 |     2 ||    13
         Potion            |       |       |     1 ||     1
   Stab: Sleeping          |     2 |     5 |       ||     7
         Distracted        |       |       |     3 ||     3
         Confused          |       |       |     8 ||     8
         Held in net/web   |       |       |     3 ||     3
 Armour: Leather armour    |    24 |    76 |    24 ||   124
  Dodge: Dodged            |    66 |   122 |    65 ||   253

Table legend: (Time is in decaauts)
 A = Elapsed time spent in this place.
 B = Non-inter-level travel time spent in this place.
 C = Inter-level travel time spent in this place.
 D = Time resting spent in this place.
 E = Time spent auto-exploring this place.
 F = Levels seen in this place.
 G = Mean time per level.
                   A        B        C        D        E       F      G
               +--------+--------+--------+--------+--------+-----+--------+
         Total |   5802 |   5671 |    131 |      3 |   4471 |  10 |  580.2 |
       Dungeon |   5192 |   5061 |    131 |      3 |   4155 |   7 |  741.7 |
        Temple |     73 |     73 |      0 |      0 |     50 |   1 |   73.0 |
         Sewer |    481 |    481 |      0 |      0 |    263 |   1 |  481.0 |
        Bailey |     54 |     54 |      0 |      0 |      2 |   1 |   54.0 |
               +--------+--------+--------+--------+--------+-----+--------+

Top non-repeatable levels by time:
     D:6: 1152 daAuts
     D:3: 941 daAuts
     D:5: 835 daAuts
     D:2: 835 daAuts
     D:4: 798 daAuts
     D:1: 563 daAuts
   Sewer: 481 daAuts
  Temple: 73 daAuts
     D:7: 65 daAuts
  Bailey: 54 daAuts
